 Dungeon Crawl Stone Soup version 0.30-a0-696-g2367cd04db (webtiles) character file.

Game seed: 7480020233570076193

2677 acebull12 the Cleaver (level 9, -4/78 HPs)
             Began as a Minotaur Fighter on Jan 20, 2023.
             Was a Believer of Okawaru.
             Slain by a slime creature (15 damage)
             ... on level 7 of the Dungeon.
             The game lasted 00:08:59 (6864 turns).

acebull12 the Cleaver (Minotaur Fighter)            Turns: 6864, Time: 00:08:59

Health: -4/78      AC: 12    Str: 24    XL:     9   Next: 37%
Magic:  10/10      EV: 15    Int: 11    God:    Okawaru [**....]
Gold:   388        SH:  5    Dex: 11    Spells: 8/8 levels left

rFire   . . .      SeeInvis .    a - +1 war axe
rCold   . . .      Faith    .    c - +0 buckler
rNeg    . . .      Spirit   .    b - +0 scale mail
rPois   .          Reflect  .    (helmet restricted)
rElec   .          Harm     .    t - +0 cloak
rCorr   .          Rampage  .    l - +0 pair of gloves
Will    .....                    w - +0 pair of boots Stlth
                                 (no amulet)
HPRegen 0.33/turn                o - +6 ring of intelligence
MPRegen 0.12/turn                p - +5 ring of evasion

@: no status effects
A: horns 2, retaliatory headbutt
a: Renounce Religion, Heroism


You were on level 7 of the Dungeon.
You worshipped Okawaru.
Okawaru was pleased with you.
You visited 2 branches of the dungeon, and saw 8 of its levels.

You collected 388 gold pieces.

Inventory:

Hand Weapons
 a - a +1 war axe (weapon)
Missiles
 m - 45 stones (quivered)
 q - 11 poisoned darts
 r - 4 datura-tipped darts
Armour
 b - a +0 scale mail (worn)
 c - a +0 buckler (worn)
 l - a +0 pair of gloves (worn)
 t - a +0 cloak (worn)
 w - a +0 pair of boots (worn)
Jewellery
 h - a +5 ring of evasion
 o - a +6 ring of intelligence (left hand)
 p - a +5 ring of evasion (right hand)
Wands
 x - a wand of light (7)
 z - a wand of roots (10)
Scrolls
 e - 2 scrolls of teleportation
 g - 2 scrolls of enchant weapon
 j - a scroll of magic mapping {unknown}
 v - a scroll of acquirement {unknown}
 y - a scroll of vulnerability {unknown}
 B - a scroll of immolation {unknown}
Potions
 d - 2 potions of might
 f - 2 potions of haste
 n - a potion of brilliance {unknown}
 A - a potion of invisibility {unknown}


   Skills:
 + Level 6.5 Fighting
 + Level 9.2 Axes
 * Level 3.3 Throwing
 * Level 8.8 Armour
 + Level 3.1 Dodging
 + Level 5.2 Shields
 * Level 3.2 Invocations


You had 8 spell levels left.
You didn't know any spells.
Your spell library contained the following spells:

 Spells                   Type           Power      Damage    Failure   Level
 Fireball                 Conj/Fire      0%         3d3       100%        5
 Iskenderun's Battlesphe  Conj           0%         2d6       100%        5
 Conjure Ball Lightning   Conj/Air       0%         3x3d6     100%        6
 Orb of Destruction       Conj           0%         9d5       100%        7


Dungeon Overview and Level Annotations

Branches:
Dungeon (7/15)             Temple (1/1) D:5

Altars:
Ashenzari
Cheibriados
Elyvilon
Fedhas
Gozag
Hepliaklqana
Kikubaaqudgha
Makhleb
Nemelex Xobeh
Okawaru
Qazlal
Ru
Sif Muna
Trog
Vehumet
Wu Jian
Xom
Yredelemnul
Zin
The Shining One

Shops:
D:5 *


Innate Abilities, Weirdness & Mutations

You have a pair of horns on your head.
You reflexively headbutt those who attack you in melee.


Message History

The sky beast hits you but does no damage.
A killer bee comes into view.
The orc warrior hits you but does no damage.
The white imp shouts, "Turn tail, thou froward unchin-snouted scavenger!"
The slime creature attacks as you move away!
You block the slime creature's attack.
The slime creature attacks as you move away!
The slime creature barely misses you.
The slime creature attacks as you move away!
You block the slime creature's attack.
Found a scroll of identify.
The slime creature attacks as you move away!
The slime creature hits you!
* * * LOW HITPOINT WARNING * * *
The sky beast flickers out of sight!
Deactivating autopickup; reactivate with Ctrl-A.
A sky beast appears from thin air!
Reactivating autopickup.
The slime creature attacks as you move away!
The slime creature hits you but does no damage.
The sky beast flickers out of sight!
Deactivating autopickup; reactivate with Ctrl-A.
The slime creature attacks as you move away!
The slime creature hits you.
* * * LOW HITPOINT WARNING * * *
The slime creature attacks as you move away!
The slime creature barely misses you. You furiously retaliate!
You headbutt the slime creature, but do no damage.
The slime creature attacks as you move away!
The slime creature hits you!
* * * LOW HITPOINT WARNING * * *
The slime creature attacks as you move away!
The slime creature hits you.
* * * LOW HITPOINT WARNING * * *
The slime creature attacks as you move away!
The slime creature hits you but does no damage.
The slime creature attacks as you move away!
The slime creature misses you.
The slime creature attacks as you move away!
The slime creature hits you!
You die...

...≈.≈.#...............
#.≈.≈._§≈§..##.##.#########.
##.≈.§...≈.≈.##.)..# #...
##..≈.≈≈≈≈≈.≈.##..### #.#.
...≈§......≈.##.)#########.#.
..≈≈≈≈≈≈≈≈≈.##.)).........<.
#............##.########.### #..#
#...##...........##
######..###<....@J.........#
..............##..##.#####.# #
.#####..###.#.##..##.# #.##.###
####...# ###.##..##.#####.......
.#......#####.##..##...{.y.#####.
#.>...............########.# #.
##.#.)<######.##.## #.# #.
#..##)######......## #.# #.
.............#.....# #.#####.


You could see a slime creature.

Vanquished Creatures
  Pikel (D:4)
  A steam dragon (D:7)
  A water moccasin (D:7)
  An orc warrior (D:7)
  2 ice beasts
  A sky beast (D:6)
  2 ogres (D:5)
  A centaur (D:6)
  A phantom (D:7)
  2 lemures (D:4)
  2 bullfrogs
  A necrophage (D:6)
  4 scorpions
  4 wights (D:7)
  3 howler monkeys
  3 hounds
  2 jellies
  2 iguanas
  2 orc wizards
  9 gnolls
  7 adders
  2 white imps
  A worm (D:2)
  3 dart slugs
  18 orcs
  8 bats
  4 endoplasms
  5 giant cockroaches
  6 goblins
  12 hobgoblins
  8 jackals
  4 kobolds
  5 quokkas
  8 ball pythons
  4 frilled lizards
  14 rats
154 creatures vanquished.

Notes
Turn   | Place    | Note
-------+----------+-------------------------------------------
     0 | D:1      | acebull12 the Minotaur Fighter began the quest for the Orb.
     0 | D:1      | Reached XP level 1. HP: 19/19 MP: 0/0
    99 | D:1      | Reached XP level 2. HP: 23/27 MP: 1/1
   654 | D:1      | Reached XP level 3. HP: 33/33 MP: 2/2
   784 | D:1      | Reached skill level 3 in Axes
  1023 | D:2      | Reached XP level 4. HP: 34/40 MP: 3/3
  1164 | D:2      | Found an ancient bone altar of Kikubaaqudgha.
  1735 | D:3      | Reached skill level 5 in Armour
  1925 | D:3      | Reached skill level 4 in Axes
  2231 | D:3      | Found an opulent altar of Gozag.
  2237 | D:3      | Found a shimmering blue altar of Sif Muna.
  2245 | D:3      | Found a basalt altar of Yredelemnul.
  2245 | D:3      | Found a stormy altar of Qazlal.
  2253 | D:3      | Found a sacrificial altar of Ru.
  2533 | D:4      | Reached XP level 5. HP: 47/47 MP: 4/4
  3345 | D:4      | Noticed Pikel
  3349 | D:4      | Noticed a lemure
  3349 | D:4      | Noticed a lemure
  3349 | D:4      | Noticed a lemure
  3352 | D:4      | Noticed a lemure
  3362 | D:4      | Killed a lemure
  3365 | D:4      | Killed a lemure
  3365 | D:4      | HP: 2/47 [Pikel/+2 whip of freezing (1)]
  3366 | D:4      | Killed Pikel
  3367 | D:4      | Reached skill level 5 in Fighting
  3367 | D:4      | Reached skill level 6 in Axes
  3367 | D:4      | Reached skill level 1 in Dodging
  3367 | D:4      | Reached XP level 6. HP: 3/56 MP: 5/5
  3367 | D:4      | Reached XP level 7. HP: 4/61 MP: 6/6
  3702 | D:4      | You fall into a shaft and drop 2 floors!
  3753 | D:5      | Entered Level 5 of the Dungeon
  3793 | D:5      | Reached skill level 7 in Axes
  3799 | D:5      | Found a staircase to the Ecumenical Temple.
  3835 | Temple   | Entered the Ecumenical Temple
  4032 | Temple   | Became a worshipper of Warmaster Okawaru
  4721 | D:5      | Reached XP level 8. HP: 70/70 MP: 7/7
  4788 | D:5      | Reached skill level 1 in Throwing
  4933 | D:5      | Reached skill level 1 in Invocations
  5364 | D:5      | Found Ruvaetir's General Store.
  5567 | D:6      | Found an ornate altar of the Wu Jian Council.
  5885 | D:6      | Reached * piety under Okawaru
  5886 | D:6      | Reached skill level 8 in Axes
  6033 | D:6      | Found a white marble altar of Elyvilon.
  6033 | D:6      | Found a glowing golden altar of the Shining One.
  6034 | D:6      | Found a glowing silver altar of Zin.
  6104 | D:6      | Reached skill level 5 in Shields
  6573 | D:7      | Found a hazy altar of Hepliaklqana.
  6586 | D:7      | Reached XP level 9. HP: 75/75 MP: 9/9
  6657 | D:7      | Reached ** piety under Okawaru
  6826 | D:7      | Reached skill level 9 in Axes
  6826 | D:7      | Noticed a troll
  6864 | D:7      | Slain by a slime creature

Illustrated notes

Levels and vault maps discovered:
D:1:      giann_forest_graveyard, layout_rooms, serial_co_window_serial,
          co_window_paths_a, co_window_corner_a, co_window_paths_b,
          co_window_corner_a, co_window_paths_a, co_window_unsneaky_path_d,
          co_window_of_opportunity_b, co_window_broadway_a,
          co_window_broadway_b, co_window_paths_e, glass_columns_a,
          glass_columns_a, glass_columns_a, glass_columns_a,
          minmay_rat_gold_closets
D:2:      layout_loops_ring, basic_altar
D:3:      layout_loops_ring, nicolae_overflow_hallway_of_the_gods
D:4:      layout_basic, uniq_pikel
D:5:      layout_basic, minmay_temple_entry_statues, serial_shops, shop,
          serial_co_window_serial, co_window_corner_a,
          co_window_of_opportunity_a, co_window_corner_a, co_window_corner_a,
          co_window_of_opportunity_a, co_window_unsneaky_path_e,
          co_window_2corner, co_window_corner_b, co_window_broadway_a,
          co_window_of_opportunity_b, co_window_broadway_c, co_window_paths_e,
          glass_columns_b, glass_columns_b, glass_columns_b, glass_columns_a,
          glass_columns_b
D:6:      layout_loops_ring, good_gods_temple_1, nicolae_wu_jian_glorious_leap
D:7:      cheibrodos_fzero, layout_loops_ring,
          mainiacjoe_overflow_concentric_impassable, feat_on_display,
          uniq_maggie, uniq_prince_ribbit1
Temple:   dpeg_chambers_temple

Skill      XL: |  1  2  3  4  5  6  7  8  9 |
---------------+----------------------------+-----
Armour         | 4 5 6 7 8 |  8.8
Fighting       | 4 5 6 |  6.5
Axes           | 3 4 6 7 8 9 |  9.2
Shields        | 4 5 |  5.2
Dodging        | 1 2 3 |  3.1
Throwing       | 2 3 |  3.3
Invocations    | 2 3 |  3.2

Action                   |  1- 3 |  4- 6 |  7- 9 || total
-------------------------+-------+-------+-------++-------
Melee: War axe           |    84 |   117 |   166 ||   367
       Headbutt          |    12 |    12 |    27 ||    51
  Use: Scroll            |       |       |     7 ||     7
Armor: Scale mail        |    31 |    57 |    73 ||   161
Dodge: Dodged            |    33 |    89 |   116 ||   238
Block: Buckler           |    14 |    25 |    32 ||    71

Table legend: (Time is in decaauts)
 A = Elapsed time spent in this place.
 B = Non-inter-level travel time spent in this place.
 C = Inter-level travel time spent in this place.
 D = Time resting spent in this place.
 E = Time spent auto-exploring this place.
 F = Levels seen in this place.
 G = Mean time per level.
                   A        B        C        D        E       F      G
               +--------+--------+--------+--------+--------+-----+--------+
         Total |   6962 |   6448 |    514 |    983 |   4359 |   8 |  870.2 |
       Dungeon |   6750 |   6236 |    514 |    983 |   4173 |   7 |  964.3 |
        Temple |    211 |    211 |      0 |      0 |    186 |   1 |  211.0 |
               +--------+--------+--------+--------+--------+-----+--------+

Top non-repeatable levels by time:
     D:5: 1421 daAuts
     D:4: 1348 daAuts
     D:6: 1100 daAuts
     D:1: 999 daAuts
     D:2: 794 daAuts
     D:3: 789 daAuts
     D:7: 297 daAuts
  Temple: 211 daAuts
